 Dungeon Crawl Stone Soup version 0.19-a0-1608-g4cf22de (webtiles) character file.

1904 4thArraOfDagon the Grappler (level 8, 0/70 HPs)
             Began as a Troll Warper on Sept 17, 2016.
             Was a Believer of Elyvilon.
             Slain by a yak (16 damage)
             ... on level 7 of the Dungeon.
             The game lasted 00:10:46 (2069 turns).

4thArraOfDagon the Grappler (Troll Warper)          Turns: 2069, Time: 00:10:47

Health: 0/70       AC:  5    Str: 20    XL:     8   Next: 94%
Magic:  7/11       EV: 10    Int: 11    God:    Elyvilon [**....]
Gold:   222        SH:  0    Dex:  9    Spells: 1 memorised, 8 levels left

rFire  . . .     SeeInvis .       - Unarmed
rCold  . . .     Gourm    +     a - +0 robe
rNeg   . . .     Faith    .     (no shield)
rPois  .         Spirit   .     (helmet restricted)
rElec  .         Dismiss  .     (no cloak)
rCorr  .         Reflect  .     (gloves unavailable)
MR     .....     Harm     .     (boots unavailable)
Stlth  +......... Rnd*Tele +    t - amulet of regeneration
                                (no ring)
                                k - ring of teleportation (curse)

@: no status effects
A: unfitting armour, claws 3, fast metabolism 3, gourmand, regeneration 1,
shaggy fur 1, tough skin 2
a: Lesser Healing, Heal Other, Divine Protection, Renounce Religion


You were on level 7 of the Dungeon.
You worshipped Elyvilon.
Elyvilon was pleased with you.
You were full.

You visited 1 branch of the dungeon, and saw 7 of its levels.
You also visited: Ossuary.

You collected 222 gold pieces.

Inventory:

Hand Weapons
 u - a +2 flail of protection
Missiles
 d - 4 tomahawks of dispersal (quivered)
Armour
 a - a +0 robe (worn)
Magical Staves
 s - an uncursed staff of power {!a}
Jewellery
 k - a cursed ring of teleportation (left claw)
 t - an amulet of regeneration (around neck)
Wands
 l - a wand of disintegration (0/24)
Scrolls
 c - 3 scrolls of blinking
 e - 3 scrolls of identify
 o - a scroll of remove curse
 p - 2 scrolls of recharging {unknown}
 q - 2 scrolls of fog
 r - 2 scrolls of teleportation
Potions
 g - a potion of brilliance
 h - a potion of agility
 j - 2 potions of curing
 m - 3 potions of might
 n - a potion of beneficial mutation
Books
 b - a book of Spatial Translocations

   Spells                             Type                      Level
   a - Apportation                    Translocation                1
   b - Blink                          Translocation                2
   c - Shroud of Golubria             Charms/Translocation         2
   d - Portal Projectile              Translocation                3
   e - Teleport Other                 Translocation                3
   f - Passage of Golubria            Translocation                4
Comestibles
 f - 3 bread rations
 i - 3 meat rations


   Skills:
 - Level 1.5 Fighting
 - Level 0.8 Throwing
 - Level 1.9 Dodging
 * Level 10.0 Unarmed Combat
 - Level 1.2 Spellcasting
 - Level 2.1 Translocations
 + Level 5.6 Invocations


You had 8 spell levels left.
You knew the following spells:

 Your Spells              Type           Power        Failure   Level  Hunger
a - Apportation           Tloc           #.........   14%         1    ##.....


Dungeon Overview and Level Annotations

Branches:
Dungeon (7/15)             Temple (0/1) D:5

Altars:
Dithmenos
Elyvilon
Nemelex Xobeh


Innate Abilities, Weirdness & Mutations

You are too large for most types of armour.
You have claws for hands.
Your metabolism is lightning-fast.
You like to eat raw meat.
Your natural rate of healing is unusually fast.
You are covered in fur. (AC +1)
You have very tough skin. (AC +2)


Message History

You claw the yak!
The yak is almost dead.
The yak gores you.
You scratch the yak but do no damage.
The yak is almost dead.
The gnoll hits you from afar with a spear.
The yak barely misses you.
You mangle the yak!!
You kill the yak!
Your Unarmed Combat skill increases to level 10!
The gnoll hits you from afar with a spear.
You completely miss the yak.
The yak is moderately wounded.
The gnoll closely misses you. The yak gores you!
You scratch the yak but do no damage.
The yak is moderately wounded.
The gnoll hits you from afar with a spear.
* * * LOW HITPOINT WARNING * * *
The yak gores you!
You die...

##.....##. ##.....>........##
#................#
#................# .
#(...............# ...
#...(............# ...
#.......Y........###....
#.........$.............
##<.(..........@#.#.....
###)....##.....#Y.......
##......###...###g..#....
#.....(Y.###(....Y### ##..
.....(....###.......## #...#
..........#...###....###.....#
............#####............#
...............##............#
...........###>.%."..........#


You could see 2 yaks, a gnoll and a neutral yak (wandering).

Vanquished Creatures
  2 yaks
  An ice beast (D:7)
  4 ogres
  A crocodile (D:7)
  A big kobold (D:5)
  The ghost of 4thArraOfDagon the Slasher, a weakling DgGl (D:4)
  A howler monkey (D:6)
  2 crimson imps
  An orc priest (D:4)
  A centaur skeleton (D:5)
  A jelly (D:6)
  3 orc wizards (D:6)
  A bullfrog skeleton (D:4)
  2 iguanas
  4 worker ants
  A killer bee zombie (D:7)
  3 big kobold zombies (Ossuary)
  A hound skeleton (D:5)
  4 mummies (Ossuary)
  3 adders
  5 gnolls
  An ooze (D:3)
  An adder skeleton (D:4)
  2 adder zombies (Ossuary)
  2 worms (D:4)
  A leopard gecko (D:6)
  10 orcs
  3 bats
  5 giant cockroaches
  10 goblins
  A hobgoblin (D:1)
  3 jackals (D:7)
  5 quokkas
  A ball python zombie (D:5)
  2 gnoll zombies (Ossuary)
  A jackal zombie (D:5)
  24 kobolds
  A kobold zombie (Ossuary)
  A leopard gecko skeleton (D:4)
  A quokka skeleton (D:6)
  2 rats
  3 rat zombies (Ossuary)
123 creatures vanquished.

Vanquished Creatures (others)
  A yak (D:7)
  A centaur (D:7)
  A gnoll shaman (D:7)
  A gnoll (D:7)
  An adder zombie (Ossuary)
5 creatures vanquished.

Grand Total: 128 creatures vanquished

Notes
Turn   | Place    | Note
-------+----------+-------------------------------------------
     0 | D:1      | 4thArraOfDagon the Troll Warper began the quest for the Orb.
     0 | D:1      | Reached XP level 1. HP: 19/19 MP: 1/1
   160 | D:2      | Reached XP level 2. HP: 27/27 MP: 2/2
   187 | D:3      | Reached skill level 3 in Unarmed Combat
   295 | D:3      | Found a white marble altar of Elyvilon.
   303 | D:3      | Became a worshipper of Elyvilon the Healer
   415 | D:3      | Reached XP level 3. HP: 33/33 MP: 3/3
   432 | D:3      | Reached skill level 4 in Unarmed Combat
   496 | D:3      | Reached XP level 4. HP: 41/41 MP: 4/4
   547 | D:4      | timbw: Stay logged in
   577 | D:4      | timbw: x
   592 | D:4      | timbw: everytime im still anon xd
   594 | D:4      | timbw: shit windows 10
   596 | D:4      | 4thArraOfDagon: yea
   596 | D:4      | 4thArraOfDagon: thats annoying as f
   653 | D:4      | Reached skill level 5 in Unarmed Combat
   653 | D:4      | Reached skill level 1 in Invocations
   653 | D:4      | Reached XP level 5. HP: 17/48 MP: 5/5
   693 | D:4      | Noticed 4thArraOfDagon's ghost (weakling DgGl)
   740 | D:4      | Killed 4thArraOfDagon's ghost
   748 | D:4      | Found a sparkling altar of Nemelex Xobeh.
   887 | D:4      | Found a shadowy altar of Dithmenos.
   887 | D:4      | Reached * piety under Elyvilon
   898 | D:5      | Entered Level 5 of the Dungeon
   962 | D:5      | Reached XP level 6. HP: 55/55 MP: 6/6
   980 | D:5      | Found a sand-covered staircase.
   989 | Ossuary  | Entered an ossuary
  1036 | Ossuary  | Reached skill level 6 in Unarmed Combat
  1312 | D:5      | Reached XP level 7. HP: 58/62 MP: 8/8
  1398 | D:4      | Reached ** piety under Elyvilon
  1437 | D:5      | Found a staircase to the Ecumenical Temple.
  1478 | D:5      | Reached skill level 7 in Unarmed Combat
  1662 | D:7      | Noticed a yak
  1662 | D:7      | Noticed a yak
  1664 | D:7      | Noticed a yak
  1666 | D:7      | Noticed a yak
  1670 | D:7      | Noticed a yak
  1670 | D:7      | Noticed a yak
  1682 | D:6      | Killed a yak
  1682 | D:6      | Reached skill level 8 in Unarmed Combat
  1682 | D:6      | Reached XP level 8. HP: 55/70 MP: 8/10
  1919 | D:6      | Reached skill level 9 in Unarmed Combat
  1955 | D:7      | Reached skill level 5 in Invocations
  2067 | D:7      | Reached skill level 10 in Unarmed Combat
  2069 | D:7      | Slain by a yak

Vault maps used:
D:1:      grunt_arrival_lava_bath
D:2:      nicolae_qazlal_style_of_elements
D:3:      kennysheep_ying_yang, hangedman_decor_push, trog_wizard
D:4:      nicolae_overflow_hidden_temple, lemuel_round_altar, first_bread,
          tso_altar
D:5:      kennysheep_kobold_camp, nicolae_ossuary_entry_monument
D:6:      corner_web_ring, minmay_ogre_servants
Ossuary:  ossuary_minmay_tomb_2a

Skill      XL: |  1  2  3  4  5  6  7  8 |
---------------+-------------------------+-----
Unarmed Combat | 3 4 5 6 8 10 | 10.0
Invocations    | 1 2 3 4 5 |  5.6
Fighting       | |  1.5
Throwing       | |  0.8
Dodging        | |  1.9
Spellcasting   | |  1.2
Translocations | |  2.1

Action                   |  1- 3 |  4- 6 |  7- 9 || total
-------------------------+-------+-------+-------++-------
Melee: Unarmed           |    54 |   210 |   144 ||   408
       Punch             |     1 |     2 |     6 ||     9
       Flail             |       |       |     5 ||     5
Throw: Tomahawk          |       |     1 |       ||     1
Invok: Lesser Healing    |       |     1 |       ||     1
       Heal Other        |       |       |     6 ||     6
Evoke: Wand              |       |     7 |       ||     7
  Use: Scroll            |       |    10 |     4 ||    14
       Potion            |       |     2 |       ||     2
  Eat: Chunk             |     7 |     6 |    10 ||    23
       Beef jerky        |       |     1 |       ||     1
Armor: Robe              |    21 |    62 |    31 ||   114
Dodge: Dodged            |    33 |    93 |    80 ||   206
